 Dungeon Crawl Stone Soup version 0.29.0-15-g675c0067aa (webtiles) character file.

Game seed: 8387753911359198522

658 qw the Cleaver (level 7, -5/91 HPs)
             Began as a Minotaur Berserker on Sept 12, 2022.
             Was a Believer of Trog.
             Slain by a gnoll sergeant
             ... wielding a +0 spear of venom
              (7 damage)
             ... on level 5 of the Dungeon.
             The game lasted 00:01:20 (5452 turns).

qw the Cleaver (Minotaur Berserker)                 Turns: 5452, Time: 00:01:21

Health: -5/91      AC:  6    Str: 24      XL:     7   Next: 30%
Magic:  6/6        EV: 10    Int:  3 (4)  God:    Trog [**....]
Gold:   339        SH:  0    Dex:  7 (9)  Spells: 6/6 levels left

rFire   . . .      SeeInvis .   Y - +0 war axe (flame)
rCold   . . .      Faith    .   (no shield)
rNeg    . . .      Spirit   .   f - +0 scale mail
rPois   .          Reflect  .   (helmet restricted)
rElec   .          Harm     .   (no cloak)
rCorr   .          Rampage  .   (no gloves)
Will    .....                   (no boots)
Stlth   ..........              (no amulet)
HPRegen 0.25/turn               (no ring)
MPRegen 0.10/turn               (no ring)

@: berserking, lethally poisoned (-5 -> -12), very quick
A: horns 2, retaliatory headbutt
a: Renounce Religion, Berserk, Trog's Hand


You were on level 5 of the Dungeon.
You worshipped Trog.
Trog was pleased with you.
You visited 1 branch of the dungeon, and saw 5 of its levels.

You collected 339 gold pieces.


Innate Abilities, Weirdness & Mutations

You have a pair of horns on your head.
You reflexively headbutt those who attack you in melee.


   Skills:
 - Level 5.0 Fighting
 + Level 9.6 Axes
 - Level 2.4 Armour
 - Level 2.1 Dodging


You had 6 spell levels left.
You didn't know any spells.
Your spell library was empty.

Inventory:

Hand Weapons
 Y - a +0 war axe of flaming (weapon)
Armour
 f - a +0 scale mail (worn)
Jewellery
 e - a ring of fire
Scrolls
 b - a scroll of identify
Potions
 d - 4 potions of curing
 g - a potion of haste
 h - a potion of invisibility {unknown}
 i - a potion of brilliance {unknown}
 j - a potion of ambrosia {unknown}
 k - a potion of flight {unknown}
 l - a potion of heal wounds {unknown}

Dungeon Overview and Level Annotations

Branches:
Dungeon (5/15)             Temple (0/1) D:4

Altars:
Ru


Message History

You barely miss the gnoll.
The gnoll is severely wounded.
You slash the iguana! You burn the iguana.
You kill the iguana!
Trog accepts your kill. The gnoll hits you with a +0 flail.
The gnoll hits you from afar with a +0 spear.
You barely miss the gnoll. You headbutt the gnoll.
You kill the gnoll!
Trog accepts your kill.
You slash the hound! You burn the hound. The hound closely misses you.
A jelly comes into view.
The gnoll hits you but does no damage. The gnoll sergeant barely misses you.
The hound closely misses you.
You closely miss the hound.
The hound is heavily wounded.
You completely miss the iguana. The hound bites you but does no damage.
The gnoll completely misses you.
The gnoll sergeant hits you from afar with a +0 spear of venom!
You are lethally poisoned!
The iguana bites you.
You closely miss the hound.
The hound is heavily wounded.
You barely miss the iguana.
You feel sick. The hound bites you.
You slash the hound! You burn the hound.
You kill the hound!
Trog accepts your kill.
You hit the iguana. You burn the iguana.
You feel sick. The gnoll barely misses you.
The gnoll sergeant completely misses you.
The iguana barely misses you. You furiously retaliate!
You headbutt the iguana!
You feel your intelligence returning.
You slash the iguana! You burn the iguana.
You kill the iguana!
Trog accepts your kill.
You feel sick.
The gnoll sergeant hits you from afar with a +0 spear of venom!
You die...

#.... .h....
#....###gg...
#.........gg
######### ...........
#........ .......J..
#.......# .....gg.
#.......#
#..)############.####
#%@......#####.#...
#.######.#.....#.##
#.# #.#.#####.# #.#
#.#.# #.# ..# #.#.#
#.# ### #.#.# #.#
#.#.# #.# #.#.# #.#
#.#.# #.#


You could see a gnoll sergeant, a jelly and a gnoll.

Vanquished Creatures
  Grinder (D:3)
  An ogre (D:4)
  2 hounds (D:5)
  4 iguanas
  Natasha (twice) (D:3)
  Robin (D:4)
  6 adders
  4 gnolls
  A worm (D:2)
  4 dart slugs
  6 endoplasms
  5 giant cockroaches
  15 goblins
  11 hobgoblins
  4 jackals (D:2)
  6 kobolds
  3 quokkas
  7 ball pythons
  4 bats
  5 frilled lizards
  5 rats
97 creatures vanquished.

Notes
Turn   | Place    | Note
-------+----------+-------------------------------------------
     0 | D:1      | qw the Minotaur Berserker began the quest for the Orb.
     0 | D:1      | Reached XP level 1. HP: 19/19 MP: 0/0
     0 | D:1      | 0 ||| qw: Version: 0.1-a-119-g272c26d
     0 | D:1      | 0 ||| qw: Game counter: 10787
     0 | D:1      | 0 ||| qw: Always use a shield: true
     0 | D:1      | 0 ||| qw: Do Orc after D:15 true
     0 | D:1      | 0 ||| qw: Do second Lair branch before Depths: true
     0 | D:1      | 0 ||| qw: Lair rune preference: random
     0 | D:1      | 0 ||| qw: Plans: Normal
     0 | D:1      | 0 ||| PLANNING D:1-11
   158 | D:1      | Reached skill level 4 in Axes
   316 | D:1      | 316 ||| Stepping ~*~*~tactically~*~*~ (stealth).
   317 | D:1      | 317 ||| Stepping ~*~*~tactically~*~*~ (stealth).
   328 | D:1      | Reached XP level 2. HP: 24/26 MP: 1/1
   572 | D:1      | 572 ||| Stepping ~*~*~tactically~*~*~ (stealth).
   680 | D:1      | Found a faded altar of an unknown god.
   742 | D:1      | Reached skill level 5 in Axes
   859 | D:1      | Reached XP level 3. HP: 28/31 MP: 2/2
  1032 | D:1      | 1032 ||| Stepping ~*~*~tactically~*~*~ (hiding).
  1134 | D:1      | 1134 ||| Stepping ~*~*~tactically~*~*~ (hiding).
  1243 | D:1      | 1243 ||| READING scroll labelled WEAGOO VEESOI.
  1244 | D:1      | 1244 ||| READING scroll labelled FAONOCV TUAVOT.
  1249 | D:1      | 1249 ||| DRINKING 2 sedimented amethyst potions.
  1447 | D:2      | Identified the +7 dagger of the Common Good {vorpal, rF+
                  | Str+3 Int+3}
  1637 | D:2      | Reached ** piety under Trog
  1693 | D:2      | 1693 ||| INVOKING Berserk.
  1920 | D:2      | Reached XP level 4. HP: 38/39 MP: 3/3
  1923 | D:2      | 1923 ||| Stepping ~*~*~tactically~*~*~ (stealth).
  1939 | D:2      | 1939 ||| SWAPPING to +0 war axe of flaming.
  1940 | D:2      | 1940 ||| DROPPING +0 whip.
  1941 | D:2      | 1941 ||| DROPPING +0 hand axe.
  1943 | D:2      | 1943 ||| Stepping ~*~*~tactically~*~*~ (stealth).
  1952 | D:2      | Reached skill level 6 in Axes
  2289 | D:2      | 2289 ||| Stepping ~*~*~tactically~*~*~ (stealth).
  2291 | D:2      | 2291 ||| Stepping ~*~*~tactically~*~*~ (stealth).
  2293 | D:2      | 2293 ||| Stepping ~*~*~tactically~*~*~ (stealth).
  2441 | D:2      | 2441 ||| UPGRADING to +0 leather armour.
  2451 | D:2      | 2451 ||| DROPPING +0 animal skin.
  2452 | D:2      | 2452 ||| READING scroll labelled ONUP TEETRUDY.
  2453 | D:2      | 2453 ||| READING scroll labelled VUSCHA XONIVAGI.
  2454 | D:2      | 2454 ||| READING scroll labelled RUSINEIHIA.
  2455 | D:2      | 2455 ||| Stepping randomly (stuck).
  2456 | D:2      | 2456 ||| Stepping ~*~*~tactically~*~*~ (cloud).
  2674 | D:3      | 2674 ||| STAIRDANCE
  2686 | D:3      | Noticed Grinder
  2689 | D:3      | 2689 ||| Stepping ~*~*~tactically~*~*~ (hiding).
  2690 | D:3      | 2690 ||| INVOKING Trog's Hand.
  2693 | D:3      | 2693 ||| INVOKING Berserk.
  2698 | D:3      | Paralysed by Grinder for 2 turns
  2703 | D:3      | Killed Grinder
  2704 | D:3      | Reached skill level 8 in Axes
  2704 | D:3      | Reached XP level 5. HP: 44/45 MP: 4/4
  2801 | D:3      | 2801 ||| Stepping ~*~*~tactically~*~*~ (stealth).
  2806 | D:3      | Reached XP level 6. HP: 51/51 MP: 5/5
  2806 | D:3      | 2806 ||| Stepping ~*~*~tactically~*~*~ (stealth).
  3025 | D:3      | Noticed Natasha
  3026 | D:3      | 3026 ||| INVOKING Berserk.
  3028 | D:3      | Killed Natasha
  3286 | D:3      | Found a sacrificial altar of Ru.
  3297 | D:3      | 3297 ||| READING 2 scrolls labelled RIXAUTHR TEZOU.
  3298 | D:3      | 3298 ||| READING scroll labelled BIROIF ZO KOKH.
  3299 | D:3      | 3299 ||| DRINKING 2 gluggy clear potions.
  3927 | D:3      | 3927 ||| READING scroll labelled VOC DOCSIS.
  3928 | D:3      | 3928 ||| DROPPING scroll of amnesia.
  3929 | D:3      | 3929 ||| DROPPING potion of degeneration.
  3947 | D:3      | Noticed Natasha
  3948 | D:3      | 3948 ||| Stepping ~*~*~tactically~*~*~ (stealth).
  3950 | D:3      | 3950 ||| Stepping ~*~*~tactically~*~*~ (hiding).
  3953 | D:3      | 3953 ||| INVOKING Berserk.
  3954 | D:3      | Killed Natasha
  4062 | D:4      | 4062 ||| PLANNING SEWER
  4091 | D:4      | 4091 ||| INVOKING Berserk.
  4094 | D:4      | Reached skill level 9 in Axes
  4239 | D:4      | Noticed Robin
  4244 | D:4      | 4244 ||| INVOKING Berserk.
  4245 | D:4      | Killed Robin
  4443 | D:4      | Found a staircase to the Ecumenical Temple.
  4796 | D:4      | 4796 ||| RIP SEWER
  4853 | D:4      | 4853 ||| PLANNING D:1-11
  4950 | D:4      | 4950 ||| INVOKING Berserk.
  5078 | D:4      | 5078 ||| UPGRADING to +0 ring mail.
  5088 | D:4      | 5088 ||| DROPPING +0 leather armour.
  5089 | D:4      | 5089 ||| UPGRADING to +0 scale mail.
  5099 | D:4      | 5099 ||| DROPPING +0 ring mail.
  5100 | D:4      | 5100 ||| DRINKING 2 dark potions.
  5101 | D:4      | 5101 ||| DRINKING 2 fizzy yellow potions.
  5162 | D:4      | 5162 ||| DROPPING potion of lignification.
  5177 | D:5      | Entered Level 5 of the Dungeon
  5178 | D:5      | 5178 ||| PLANNING OSSUARY
  5214 | D:5      | Reached XP level 7. HP: 61/61 MP: 6/6
  5436 | D:5      | 5436 ||| Stepping ~*~*~tactically~*~*~ (hiding).
  5437 | D:5      | 5437 ||| Stepping ~*~*~tactically~*~*~ (hiding).
  5446 | D:5      | 5446 ||| INVOKING Berserk.
  5447 | D:5      | HP: 21/91 [gnoll/+0 spear[a gnoll sergeant] (2)]
  5449 | D:5      | HP: 10/91 [gnoll sergeant/+0 spear of venom (11)]
  5451 | D:5      | HP: 3/91 [poisoned by a gnoll sergeant]
  5452 | D:5      | Slain by a gnoll sergeant

Levels and vault maps discovered:
D:1:      shiori_arrival_maze, layout_basic,
          chequers_ecumenical_altar_simple_redux, minmay_split_cup_large
D:2:      layout_basic, serial_glass, glass_columns_a, glass_columns_c
D:3:      layout_basic, amcnicky_altar_gilded, uniq_grinder, uniq_natasha
D:4:      layout_basic, minmay_temple_entry_waves, portal_sewer_entry_d,
          kennysheep_generic_room_4, uniq_robin
D:5:      layout_basic, chequers_ossuary_entry_cave, serial_curves,
          eino_curves_02, eino_curves_02

Skill      XL: |  1  2  3  4  5  6 |
---------------+-------------------+-----
Axes           | 4 5 8 9 |  9.6
Fighting       | 5 |  5.0
Armour         | |  2.4
Dodging        | |  2.1

Action                   |  1- 3 |  4- 6 |  7- 9 || total
-------------------------+-------+-------+-------++-------
Melee: Hand axe          |    92 |       |       ||    92
       Headbutt          |    13 |     6 |     2 ||    21
       Punch             |     1 |       |       ||     1
       War axe           |       |    98 |    19 ||   117
Invok: Berserk           |     1 |     6 |     1 ||     8
       Trog's Hand       |       |     1 |       ||     1
  Use: Scroll            |     2 |     6 |       ||     8
       Potion            |     1 |     3 |       ||     4
Armor: Animal skin       |    16 |     3 |       ||    19
       Leather armour    |       |    10 |       ||    10
       Scale mail        |       |     2 |     4 ||     6
Dodge: Dodged            |    40 |    43 |    15 ||    98

Table legend:
 A = Non-vault XP
 B = Vault XP
 C = Vault XP percentage of total XP
 D = Non-vault monster count
 E = Vault monster count
 F = Vault count percentage of total count
                 A         B        C        D         E       F
            +---------+---------+-------+---------+---------+-------
      Total |     599 |     377 |  38.6 |      75 |      22 |  22.7
            +---------+---------+-------+---------+---------+-------
        D:1 |      38 |      10 |  20.8 |      21 |       6 |  22.2
        D:2 |      62 |       0 |   0.0 |      21 |       0 |   0.0
        D:3 |      79 |     302 |  79.3 |      13 |       2 |  13.3
        D:4 |     169 |      65 |  27.8 |      11 |      14 |  56.0
        D:5 |     251 |       0 |   0.0 |       9 |       0 |   0.0
            +---------+---------+-------+---------+---------+-------
